 Dungeon Crawl Stone Soup version 0.28-a0-1234-g826d19b2e0 (webtiles) character file.

Game seed: 3091441187075919771

9 SensoryNuts the Ducker (level 2, -1/29 HPs)
             Began as a Troll Fighter on Dec 23, 2021.
             Slain by a gnoll (6 damage)
             ... on level 1 of the Dungeon.
             The game lasted 00:00:16 (130 turns).

SensoryNuts the Ducker (Troll Fighter)               Turns: 130, Time: 00:00:17

Health: -1/29      AC:  4    Str: 23    XL:     2   Next: 3%
Magic:  1/1        EV:  8    Int:  4    God:
Gold:   0          SH:  7    Dex:  9    Spells: 1/1 levels left

rFire   . . .      SeeInvis .   a - +0 flail
rCold   . . .      Faith    .   c - +0 kite shield
rNeg    . . .      Spirit   .   b - +0 robe
rPois   .          Reflect  .   (helmet restricted)
rElec   .          Harm     .   (no cloak)
rCorr   .          Rampage  .   (gloves unavailable)
Will    .....                   (boots unavailable)
Stlth   +.........              (no amulet)
HPRegen 0.89/turn               (no ring)
MPRegen 0.07/turn               (no ring)

@: no status effects
A: large, unfitting armour, claws 3, regeneration 1, shaggy fur 1, tough skin 1
a: no special abilities


You were on level 1 of the Dungeon.
You visited 1 branch of the dungeon, and saw 1 of its levels.

Inventory:

Hand Weapons
 a - a +0 flail (weapon)
Armour
 b - a +0 robe (worn)
 c - a +0 kite shield (worn)
Jewellery
 e - a ring of willpower
Potions
 d - a potion of might


   Skills:
 + Level 2.5 Fighting
 + Level 1.8 Maces & Flails
 + Level 2.6 Dodging
 + Level 2.5 Shields


You had one spell level left.
You didn't know any spells.
Your spell library was empty.

Dungeon Overview and Level Annotations

Branches:
Dungeon (1/15)

Altars:


Innate Abilities, Weirdness & Mutations

You are too large for most types of armour.
You have claws for hands.
Your natural rate of healing is unusually fast.
You are covered in fur. (AC +1)
You have tough skin. (AC +1)


Message History

You sock the jackal!
You kill the jackal!
The ball python bites you.
You hit the ball python.
You kill the ball python!
The jackal bites you.
You hit the jackal.
The jackal is heavily wounded.
You block the jackal's attack. The jackal bites you.
You hit the jackal.
You kill the jackal!
The jackal bites you. The jackal completely misses you.
You barely miss the jackal. You block the jackal's attack. x2
You sock the jackal!
You kill the jackal!
You block the gnoll's attack.
You have reached level 2!
You barely miss the gnoll. The gnoll hits you with a +0 flail.
You barely miss the gnoll. You block the gnoll's attack.
The gnoll hits you with a +0 flail.
You hit the gnoll but do no damage. The gnoll hits you with a +0 flail.
You hit the gnoll but do no damage. The gnoll hits you with a +0 flail.
The gnoll barely misses you.
You thump the gnoll!
The gnoll is almost dead.
The gnoll closely misses you. The gnoll hits you with a +0 flail!
* * * LOW HITPOINT WARNING * * *
You are too injured to fight recklessly!
You are too injured to fight recklessly!
You are too injured to fight recklessly!
A gnoll is nearby!
A gnoll is nearby!
You closely miss the gnoll.
The gnoll is almost dead.
The gnoll hits you with a +0 flail.
* * * LOW HITPOINT WARNING * * *
You barely miss the gnoll.
The gnoll is almost dead.
The gnoll hits you with a +0 flail.
You die...

# #.# ##... ......#####
......g@..# $.....###.#
..... #.# .... #†# ...
#.# ################.#
.................#.####
.......................
#######.########...####


You could see a gnoll.

Vanquished Creatures
  4 jackals (D:1)
  2 ball pythons (D:1)
  A bat (D:1)
  A frilled lizard (D:1)
  A rat (D:1)
9 creatures vanquished.

Notes
Turn   | Place    | Note
-------+----------+-------------------------------------------
     0 | D:1      | SensoryNuts the Troll Fighter began the quest for the Orb.
     0 | D:1      | Reached XP level 1. HP: 22/22 MP: 0/0
   124 | D:1      | Reached XP level 2. HP: 29/29 MP: 1/1
   130 | D:1      | Slain by a gnoll

Illustrated notes

Levels and vault maps discovered:
D:1:      minmay_arrival_three_doors, layout_basic, basic_ecumenical_altar

Action                   || total
-------------------------++-------
Melee: Flail             ||    48
Armor: Robe              ||    21
Dodge: Dodged            ||    18
Block: Kite shield       ||    23

Table legend: (Time is in decaauts)
 A = Elapsed time spent in this place.
 B = Non-inter-level travel time spent in this place.
 C = Inter-level travel time spent in this place.
 D = Time resting spent in this place.
 E = Time spent auto-exploring this place.
 F = Levels seen in this place.
 G = Mean time per level.
                   A        B        C        D        E       F      G
               +--------+--------+--------+--------+--------+-----+--------+
         Total |    155 |    155 |      0 |      0 |     66 |   1 |  155.0 |
       Dungeon |    155 |    155 |      0 |      0 |     66 |   1 |  155.0 |
               +--------+--------+--------+--------+--------+-----+--------+

Top non-repeatable levels by time:
     D:1: 155 daAuts
